 Dungeon Crawl Stone Soup version 0.32-a0-898-g7811c86cf0 (webtiles) character file.

Game seed: 12763654313615256997

95 Syneil the Cutter (level 4, -1/24 HPs)
             Began as a Kobold Enchanter on Apr 4, 2024.
             Killed from afar by a charred statue (4 damage)
             ... with a puff of flame
             ... on level 3 of the Dungeon.
             The game lasted 00:04:10 (2113 turns).

Syneil the Cutter (Kobold Enchanter)                Turns: 2113, Time: 00:04:11

Health: -1/24      AC:  3    Str:  5    XL:     4   Next: 95%
Magic:  7/7        EV: 14    Int: 18    God:
Gold:   125        SH:  0    Dex: 15    Spells: 2/7 levels left

rFire   . . .        k - +1 short sword (elec)
rCold   + . .        (no shield)
rNeg    . . .        b - +0 robe
rPois   .            g - +0 helmet
rElec   .            (no cloak)
rCorr   .            (no gloves)
SInv    .            (no boots)
Will    .....        m - amulet of regeneration
Stlth   ++++         t - ring of protection from cold
HPRegen 1.04/turn    (no ring)
MPRegen 0.10/turn

%: no passive effects
@: no status effects
A: small, no large weapons, nightstalker 3
a: no special abilities


You were on level 3 of the Dungeon.
You visited 1 branch of the dungeon, and saw 3 of its levels.

You collected 125 gold pieces.

Inventory:

Hand Weapons
 a - a +1 dagger
 k - a +1 short sword of electrocution (weapon)
   (You took it off a kobold on level 1 of the Dungeon)
Armour
 b - a +0 robe (worn)
 g - a +0 helmet (worn)
   (You found it on level 1 of the Dungeon)
Jewellery
 m - an amulet of regeneration (around neck)
   (You found it on level 1 of the Dungeon)
 t - a ring of protection from cold (left hand)
   (You found it on level 2 of the Dungeon)
Scrolls
 d - 4 scrolls of identify {unknown}
 e - a scroll of torment {unknown}
 f - 3 scrolls of noise {unknown}
 n - 2 scrolls of enchant armour {unknown}
 o - a scroll of brand weapon {unknown}
 q - 3 scrolls of enchant weapon {unknown}
 s - a scroll of poison {unknown}
 u - a scroll of teleportation {unknown}
 v - a scroll of immolation {unknown}
Potions
 c - 2 potions of invisibility
 h - a potion of enlightenment {unknown}
 i - a potion of berserk rage {unknown}
 j - 2 potions of heal wounds {unknown}
 l - a potion of curing {unknown}
 p - a potion of mutation {unknown}
 r - 2 potions of might {unknown}


   Skills:
 + Level 5.2 Short Blades
 - Level 2.4 Dodging
 - Level 4.0 Stealth
 - Level 2.1 Spellcasting
 * Level 3.3 Hexes
 + Level 0.7 Ice Magic


You had 2 spell levels left.
You knew the following spells:

 Your Spells              Type           Power      Damage    Failure   Level
a - Ensorcelled Hibernat  Hex/Ice        18%        N/A       12%         2
b - Confusing Touch       Hex            14%        N/A       14%         3

Your spell library contained the following spells:

 Spells                   Type           Power      Damage    Failure   Level
 Tukima's Dance           Hex            14%        N/A       14%         3
 Dazzling Flash           Conj/Hex       14%        N/A       26%         3


Dungeon Overview and Level Annotations

Branches:
Dungeon (3/15)

Altars:
Vehumet

Annotations:
D:3 exclusion: statue


Innate Abilities, Weirdness & Mutations

You are small and have problems with some larger weapons.
You are completely attuned to the shadows.


Message History

The helpless hobgoblin fails to defend itself.
You impale the hobgoblin!!
Lightning courses through the hobgoblin!
You kill the hobgoblin!
You see here a +0 scale mail.
There is a stone staircase leading down here.
Found a ring mail.
You open the door.
There is an open door here.
A kobold comes into view. It is wielding a +0 club.
The kobold shouts!
You hit the kobold.
You kill the kobold!
Things that are here:
a +0 club; a kobold corpse As you open the door, it creaks loudly!
There is an open door here.
You see here a +0 ring mail.
There is a large open door here.
There is a large open door here.
You open the door.
There is an open door here.
Found an orange potion.
A dart slug comes into view.
Found 13 gold pieces.
The dart slug moves out of view.
r - 2 orange potions (gained 1)
A dart slug is nearby!
The dart slug launches a dart at you. The slug dart misses you.
The dart slug launches a dart at you. The slug dart misses you.
You hit the dart slug.
Lightning courses through the dart slug!
You kill the dart slug!
You now have 125 gold pieces (gained 13).
Found a radiant altar of Vehumet.
A charred statue comes into view.
The charred statue gestures at you. The puff of flame hits you.
The charred statue gestures at you. The puff of flame hits you!
* * * LOW HITPOINT WARNING * * *
There is a radiant altar of Vehumet here.
The charred statue gestures at you. The puff of flame hits you!
* * * LOW HITPOINT WARNING * * *
You hit the charred statue but do no damage.
The charred statue gestures at you. The puff of flame hits you.
You die...

##.######### #.# #.#
#.# #.# #.# ##### #.#
#...# ####.# .. #.I.#
.....###... #.@.#
.......#.... #._.#
...........##.#...#
....##.##.....#...#
....##.##.....#...#
######..'.....##.##.#
####............
#..###.......
##...#.......


You could see a charred statue.

Vanquished Creatures
  A gnoll (D:1)
  3 adders (D:2)
  A dart slug (D:3)
  5 ball pythons
  5 endoplasms
  5 giant cockroaches (D:1)
  3 goblins
  6 hobgoblins
  9 kobolds
  A quokka (D:2)
  5 bats
  4 frilled lizards
  4 rats
52 creatures vanquished.

Notes
Turn   | Place    | Note
-------+----------+-------------------------------------------
     0 | D:1      | Syneil the Kobold Enchanter began the quest for the Orb.
     0 | D:1      | Reached XP level 1. HP: 10/10 MP: 3/3
    92 | D:1      | Reached skill level 2 in Short Blades
   146 | D:1      | Reached XP level 2. HP: 15/15 MP: 5/5
   194 | D:1      | Reached skill level 3 in Short Blades
   259 | D:1      | Learned a level 2 spell: Ensorcelled Hibernation
   550 | D:1      | Reached XP level 3. HP: 19/19 MP: 6/6
   732 | D:1      | Reached skill level 4 in Short Blades
  1116 | D:2      | Reached XP level 4. HP: 22/24 MP: 7/7
  1183 | D:2      | Reached skill level 5 in Short Blades
  1244 | D:2      | Learned a level 3 spell: Confusing Touch
  2107 | D:3      | Found a radiant altar of Vehumet.
  2109 | D:3      | Noticed a charred statue
  2113 | D:3      | Killed from afar by a charred statue

Illustrated notes

Levels and vault maps discovered:
D:1:      dpeg_arrival_short_road, layout_loops_corners, solitary_fountain
D:2:      layout_loops_ring, nicolae_hexahallways, minmay_misc_feat_encased
D:3:      layout_basic, grunt_gozag_breadcrumbs, vehumet_statue, uniq_ijyb

Skill      XL: |  1  2  3  4 |
---------------+-------------+-----
Short Blades   | 2 3 4 5 |  5.2
Dodging        | |  2.4
Stealth        | |  4.0
Spellcasting   | |  2.1
Hexes          | |  3.3
Ice Magic      | |  0.7

Action                     |  1- 3 |  4- 6 || total
---------------------------+-------+-------++-------
  Melee: Dagger            |    91 |       ||    91
         Short sword       |    10 |    23 ||    33
   Cast: Ensorcelled Hiber |     2 |     1 ||     3
   Stab: Sleeping          |    15 |    13 ||    28
 Armour: Robe              |    20 |     4 ||    24
  Dodge: Dodged            |    61 |     4 ||    65

Table legend: (Time is in decaauts)
 A = Elapsed time spent in this place.
 B = Non-inter-level travel time spent in this place.
 C = Inter-level travel time spent in this place.
 D = Time resting spent in this place.
 E = Time spent auto-exploring this place.
 F = Levels seen in this place.
 G = Mean time per level.
                   A        B        C        D        E       F      G
               +--------+--------+--------+--------+--------+-----+--------+
         Total |   2089 |   2018 |     71 |     36 |   1607 |   3 |  696.3 |
       Dungeon |   2089 |   2018 |     71 |     36 |   1607 |   3 |  696.3 |
               +--------+--------+--------+--------+--------+-----+--------+

Top non-repeatable levels by time:
     D:1: 1072 daAuts
     D:2: 876 daAuts
     D:3: 140 daAuts
